 Dungeon Crawl Stone Soup version 0.28.0-43-g3370ac3207 (webtiles) character file.

Game seed: 12806195872460410017

11 spiecas the Poker (level 2, -2/22 HPs)
             Began as a Merfolk Gladiator on Mar 3, 2022.
             Slain by a quokka (4 damage)
             ... on level 1 of the Dungeon on Mar 4, 2022.
             The game lasted 00:02:20 (483 turns).

spiecas the Poker (Merfolk Gladiator)                Turns: 483, Time: 00:02:20

Health: -2/22      AC:  4    Str: 14    XL:     2   Next: 25%
Magic:  2/2        EV: 13    Int:  7    God:
Gold:   7          SH:  0    Dex: 15    Spells: 1/1 levels left

rFire   . . .      SeeInvis .   f - +0 dagger
rCold   . . .      Faith    .   (no shield)
rNeg    . . .      Spirit   .   b - +0 leather armour
rPois   .          Reflect  .   c - +0 helmet
rElec   .          Harm     .   (no cloak)
rCorr   .          Rampage  .   (no gloves)
Will    .....                   (no boots)
Stlth   +.........              (no amulet)
HPRegen 0.07/turn               (no ring)
MPRegen 0.08/turn               (no ring)

@: no status effects
A: (nimble swimmer 2), mertail
a: no special abilities


You were on level 1 of the Dungeon.
You visited 1 branch of the dungeon, and saw 1 of its levels.

You collected 7 gold pieces.

Inventory:

Hand Weapons
 a - a +0 trident
 f - a +0 dagger (weapon)
Missiles
 d - 3 throwing nets (quivered)
Armour
 b - a +0 leather armour (worn)
 c - a +0 helmet (worn)
 i - a +0 cloak
Jewellery
 j - a ring of protection from cold
Scrolls
 e - a scroll of enchant armour {unknown}
Potions
 g - a potion of degeneration {unknown}
 h - a potion of haste {unknown}


   Skills:
 - Level 2.2 Fighting
 + Level 1.6 Short Blades
 + Level 0.1 Maces & Flails
 - Level 4.6 Polearms
 + Level 0.1 Bows
 - Level 2.0 Throwing
 - Level 4.0 Dodging


You had one spell level left.
You didn't know any spells.
Your spell library was empty.

Dungeon Overview and Level Annotations

Branches:
Dungeon (1/15)

Altars:


Innate Abilities, Weirdness & Mutations

((You are very nimble when in or above water. (Stealth+, EV+, Speed+++)))
Your lower body shifts to a powerful aquatic tail in water.


Message History

The quokka barely misses you. The ball python misses you.
The ball python grabs you. The ball python constricts you.
You closely miss the quokka.
The quokka is severely wounded.
The quokka bites you. The ball python bites you.
The ball python constricts you.
You hit the quokka but do no damage.
The quokka is severely wounded.
The quokka bites you.
The ball python bites you but does no damage.
The ball python constricts you.
You barely miss the quokka.
The quokka is severely wounded.
The quokka bites you. The ball python bites you.
The ball python constricts you.
You escape the ball python's grasp.
The ball python barely misses you. x2
The quokka bites you.
* * * LOW HITPOINT WARNING * * *
Found a scroll labelled UTHRONK GANWE.
The ball python barely misses you. The ball python grabs you.
The ball python constricts you.
You escape the ball python's grasp.
The quokka closely misses you.
The quokka bites you but does no damage.
The ball python bites you.
* * * LOW HITPOINT WARNING * * *
The ball python barely misses you.
The quokka twitches its whiskers.
The quokka closely misses you. The ball python bites you.
* * * LOW HITPOINT WARNING * * *
The ball python misses you. The ball python misses you.
The ball python closely misses you. The quokka barely misses you.
The ball python misses you. x2
The quokka barely misses you.
You completely miss the quokka.
The quokka is severely wounded.
The quokka bites you but does no damage.
The quokka bites you.
You die...

..#
#.........#
..#
#.........#
..#
#.........#
###
#..###.####
##.## #..#
##..# ##.#
#..## #S# #.##
#r# #.# #@#
##.# #.# ##..#
##.# #..##
......
######.###...#
#.#
...........#
#.#
######.#####
#.# ######.#
#.# .##....#


You could see a quokka and a ball python.

Vanquished Creatures
  A goblin (D:1)
  A hobgoblin (D:1)
  3 jackals (D:1)
  A kobold (D:1)
  2 frilled lizards (D:1)
  2 rats (D:1)
10 creatures vanquished.

Notes
Turn   | Place    | Note
-------+----------+-------------------------------------------
     0 | D:1      | spiecas the Merfolk Gladiator began the quest for the Orb.
     0 | D:1      | Reached XP level 1. HP: 16/16 MP: 1/1
   249 | D:1      | Reached skill level 1 in Short Blades
   249 | D:1      | Reached XP level 2. HP: 18/22 MP: 2/2
   483 | D:1      | Slain by a quokka

Illustrated notes

Levels and vault maps discovered:
D:1:      lemuel_arrival_broad_hall, layout_rooms

Skill      XL: |  1 |
---------------+----+-----
Short Blades   | 1 |  1.6
Fighting       | |  2.2
Maces & Flails | |  0.1
Polearms       | |  4.6
Bows           | |  0.1
Throwing       | |  2.0
Dodging        | |  4.0

Action                   || total
-------------------------++-------
Melee: Dagger            ||    63
       Trident           ||     9
Armor: Leather armour    ||    26
Dodge: Dodged            ||    61
